← All builds
Geo / Armada / Economy first / OBSERVED BUILD

Standard geo

Armada Geo build order · Supreme Isthmus

Standard Geo economy into T2 constructor and Starlight/Jaguar units sent to front as usual, with support built for teammates along the way.

Usually blows up the commander for T2 (72%)

#eco #t2 #team support · 1325 distinct matches · 234 players · 55% of Armada Geo games · team won 55% of 1545 · Recently observed

HOW TO PLAY IT

Key timing: T2 constructor by 4:55

  1. Open 2 mex and wind, then Bot Lab by 0:35.
  2. Rush geothermal powerplant to fund T2 ahead of other roles.
  3. Get T2 constructor out to start building T2 units.
  4. Add Vehicle Plant and Advanced Geothermal for the T2 push.
  5. Fly first Starlight to front with a transport from Air.

Phase by phase

TYPICAL OF ITS 1325 GAMES
  1. 1
  2. 2
  3. 3
  4. 4
PLAY THE OPENING

Follow the example game's first 6:00 step by step: what to build now, what comes next, and where it goes. At 1× it keeps pace with your own game.

  1. 1

    Up to the Bot Lab

    Economy
    • Metal Extractor3Mex
    • Wind Turbine4Wind
    Order
    1. Bot LabBot Lab after 3 mex, 4 winddone ~1:12, middle half 0:58–1:21

    By 0:55 in all: 3 mex · 4 wind

    The example game in this phase · 2 steps
    1. Mex ×3
    2. Bot LabBot Labdone 1:09 · typical 1:12
  2. 2

    Bot Lab to 5:00

    Economy
    • Metal Extractor2Mex
    • Wind Turbine3Wind
    • Energy Converter8Converter
    • Energy Storage1Energy storage
    Order
    1. Geothermal PowerplantGeo after 4 mex, 5 wind, 1 energy storage
    2. Bot LabEat Bot Lab
    Builders
    • Construction Turret5 Con turret
    • Lazarus4 Lazarus
    • Construction Bot2 Con bot
    • Construction Bot1 Con bot for allies
    • Lazarus1 Lazarus for allies

    By 5:00 in all: 4 mex · 7 wind · 1 geo · 8 converter · 1 energy storage · 5 con turret

    The example game in this phase · 20 steps
    1. Wind ×2
    2. LazarusLazarus
    3. Wind ×3
    4. LazarusLazarus
    5. Wind
    6. LazarusLazarus
    7. LazarusLazarusfor Beach sea
    8. LazarusLazarus
    9. Energy storage
    10. Construction BotCon bot ×3for Front
    11. Mex
    12. Energy storage
    13. Geothermal PowerplantGeodone 3:46 · typical 3:29
    14. Con turret
    15. Converter
    16. Bot LabEat Bot Labreclaimed for its metal
    17. Con turret ×2
    18. Converter
    19. Con turret
    20. Converter ×4
  3. 3

    5:00 to Vehicle Plant

    Order
    1. Advanced Geothermal PowerplantAdvanced Geothermal Powerplant after 8 wind, 10 converter, 6 con turretin 57% of games
    2. Vehicle PlantVehicle Plant after 9 wind, 10 converter, 6 con turretdone ~7:06, middle half 6:39–7:32

    Some games also: con turret (49%) · converter (49%) · wind (41%)

    By 6:56 in all: 4 mex · 9 wind · 1 geo · 1 Advanced Geothermal Powerplant · 10 converter · 1 energy storage

    The example game in this phase · 15 steps
    1. Converter
    2. Con turret
    3. Converter ×3
    4. Con turret
    5. Converter
    6. Advanced Metal ExtractorT2 mexdone 5:53 · typical 5:38
    7. Converter
    8. Advanced Metal ExtractorT2 mex
    9. Converter
    10. Advanced Metal ExtractorT2 mex
    11. PrudePrudedone 7:06
    12. Bot LabBot Labdone 6:23
    13. TickTick
    14. Construction BotCon botfor Front
    15. Vehicle PlantVehicle Plantdone 7:07 · typical 7:06
  4. 4

    Vehicle Plant to 10:00

    Economy
    • Wind Turbine5Wind
    • Energy Converter4Converter
    Order
    1. Advanced Vehicle PlantAdvanced Vehicle Plant after 10 wind, 11 converter, 6 con turret
    2. Vehicle PlantEat Vehicle Plant
    Builders
    • Construction Vehicle1 Con vehicle
    • Advanced Construction Vehicle1 T2 con vehicle for allies
    Army
    • Starlight2 Starlight
    • Umbra1 Jammer
    • Prophet1 Radar vehicle

    Some games also: con turret (48%) · Jaguar (36%)

    By 10:00 in all: 4 mex · 18 wind · 1 geo · 1 Advanced Geothermal Powerplant · 16 converter · 1 energy storage

    The example game in this phase · 173 steps
    1. Construction BotCon botfor Suicide front
    2. Construction VehicleCon vehicle
    3. Construction BotCon botfor Suicide front
    4. Advanced Metal ExtractorT2 mex
    5. Metal storage
    6. Bot LabEat Bot Labreclaimed for its metal
    7. Advanced Vehicle PlantAdvanced Vehicle Plantdone 8:01 · typical 8:01
    8. Vehicle PlantEat Vehicle Plantreclaimed for its metal
    9. JaguarJaguar ×5
    10. Advanced Construction VehicleT2 con vehiclefor Suicide front
    11. Wind
    12. MauserMauserfor Front
    13. Wind ×3
    14. MauserMauserfor Front
    15. Wind
    16. Bot LabBot Labfor Suicide frontdone 9:20
    17. MauserMauserfor Front
    18. Wind
    19. MauserMauserfor Front
    20. Wind
    21. UmbraJammer
    22. Wind
    23. ProphetRadar vehicle
    24. Wind ×2
    25. StarlightStarlightdone 10:06 · typical 9:03
    26. Wind ×2
    27. StarlightStarlight
    28. Wind ×2
    29. GruntGrunt
    30. StarlightStarlight
    31. GruntGrunt
    32. Wind
    33. Advanced Metal ExtractorT2 mexdone 11:01
    34. GruntGrunt
    35. Twin GuardTwin Guard
    36. GruntGrunt ×2
    37. Wind
    38. TrasherTrasher
    39. Wind
    40. GruntGrunt
    41. Wind ×2
    42. GruntGrunt
    43. TwitcherTwitcher
    44. Wind
    45. GruntGrunt
    46. Wind
    47. GruntGrunt
    48. Advanced Metal ExtractorT2 mex
    49. GruntGrunt
    50. TwitcherTwitcher
    51. GruntGrunt ×2
    52. Wind
    53. GruntGrunt
    54. TrasherTrasher
    55. TwitcherTwitcher
    56. Wind
    57. Twin GuardTwin Guard
    58. GruntGrunt
    59. Wind ×2
    60. TrasherTrasher
    61. TwitcherTwitcher
    62. GruntGrunt
    63. TrasherTrasher
    64. TwitcherTwitcher
    65. GruntGrunt
    66. Wind
    67. TwitcherTwitcher
    68. TrasherTrasher
    69. Wind
    70. GruntGrunt
    71. TrasherTrasher
    72. ArbiterArbiterdone 12:40
    73. TrasherTrasher
    74. Construction BotCon bot
    75. Fortification WallFortification Wall
    76. Wind
    77. Fortification WallFortification Wall ×2
    78. Wind
    79. Fortification WallFortification Wall
    80. Fusion ReactorFusiondone 14:21
    81. Advanced Construction VehicleT2 con vehicle
    82. ArbiterArbiter
    83. Construction BotCon bot
    84. Fortification WallFortification Wall ×5
    85. Construction BotCon bot
    86. Fortification WallFortification Wall
    87. Con turret
    88. Fortification WallFortification Wall
    89. Wind
    90. Fortification WallFortification Wall
    91. ArbiterArbiter
    92. Fortification WallFortification Wall ×2
    93. Advanced Metal ExtractorT2 mex
    94. Fortification WallFortification Wall ×3
    95. JaguarJaguar
    96. Aircraft PlantAircraft Plantdone 13:18
    97. Fortification WallFortification Wall
    98. Con turret
    99. Fortification WallFortification Wall
    100. FiendFiend
    101. JaguarJaguar
    102. Construction BotCon bot
    103. Fortification WallFortification Wall ×4
    104. JaguarJaguar
    105. Fortification WallFortification Wall ×2
    106. Con turret
    107. Fortification WallFortification Wall
    108. JaguarJaguar
    109. FiendFiend
    110. Fortification WallFortification Wall ×2
    111. JaguarJaguar
    112. Fortification WallFortification Wall ×2
    113. Con turret
    114. Fortification WallFortification Wall ×2
    115. JaguarJaguar
    116. Fortification WallFortification Wall
    117. Construction BotCon bot
    118. Fortification WallFortification Wall
    119. Con turret
    120. Fortification WallFortification Wall
    121. JaguarJaguar
    122. FiendFiend
    123. Fortification WallFortification Wall
    124. Twin GuardTwin Guard
    125. JaguarJaguar
    126. Construction BotCon bot
    127. Fortification WallFortification Wall
    128. Con turret
    129. JaguarJaguar
    130. Fortification WallFortification Wall ×2
    131. Advanced Metal ExtractorT2 mex
    132. Fortification WallFortification Wall
    133. FiendFiend
    134. JaguarJaguar
    135. StorkLight transport
    136. Fortification WallFortification Wall
    137. Construction BotCon bot
    138. BullBullnot finished by 15:00
    139. StorkLight transport ×2
    140. Construction BotCon bot
    141. FiendFiend
    142. Fortification WallFortification Wall
    143. Construction BotCon bot
    144. StorkLight transport
    145. Fortification WallFortification Wall
    146. FiendFiend
    147. StorkLight transport
    148. Construction BotCon bot
    149. Fortification WallFortification Wall ×2
    150. FiendFiend
    151. Construction BotCon bot
    152. Fortification WallFortification Wall
    153. ConsulConsul
    154. Fortification WallFortification Wall
    155. FiendFiend
    156. Construction BotCon bot
    157. Fortification WallFortification Wall
    158. ConsulConsul
    159. FiendFiend
    160. Fortification WallFortification Wall
    161. Construction BotCon bot
    162. ConsulConsul
    163. Fortification WallFortification Wall
    164. FiendFiend
    165. Fortification WallFortification Wall
    166. Construction BotCon bot
    167. Fortification WallFortification Wall
    168. ConsulConsul
    169. Fortification WallFortification Wall
    170. FiendFiend
    171. Construction BotCon bot
    172. Fortification WallFortification Wall
    173. ConsulConsul

Counts are medians over the build's games: half of them build more, half fewer. The example game is Private_Gator's (31 OS, 14/09/2026); pick another.

Team trades

IN AT LEAST 30% OF ITS GAMES

You hand over

  • Lazarus1 Lazarus to Beach seafirst at 2:17 · in 75% of games
  • Construction Bot1 Con bot to Beach seafirst at 2:27 · in 87% of games
  • Advanced Construction Vehicle1 T2 con vehicle to Suicide front or Frontfirst at 8:47 · in 63% of games

You get

  • Advanced Construction Bot1 T2 con bot from Techfirst at 4:52 · in 94% of games

How it plays out

Typical game of this build, running totals by minute

Metal produced

020k40k
0:005:0010:0015:00

metal

Enemy metal destroyed

05k10k15k
0:005:0010:0015:00

metal

Own metal lost

02k4k6k
0:005:0010:0015:00

metal

1545 games.

Show as table
ByMetal produced: This buildEnemy metal destroyed: This buildOwn metal lost: This build
1:0033300
2:0085900
3:00152700
4:00267000
5:00369400
6:00563600
7:00802500
8:001134700
9:00144064384
10:0017275472194
11:00201231745520
12:002298936181605
13:002573358722970
14:002858682454420
15:0031355102015586
WHAT THE NUMBERS SAY

Standard Geo play wins about half its games while destroying the most enemy metal by 15:00 among the roles shown here.

  • + Enemy metal destroyed jumps to 10560 by 15:00, highest of all six builds.
  • + Starlight makes up 34% of army, delivering the long-range T2 push.
  • − Own metal lost reaches 5977 by 15:00 from the aggressive T2 push.
  • − First Starlight only arrives in 60% of games, a late or inconsistent push.
THE EXAMPLE YOU ARE READING

Private_Gator

31.1 OS · 14/09/2026

Open source match ↗

123 received units · includes a constructor
5074 metal received · 48916 energy received

Allied construction assistance is unknown. Timings are observations, not a promise of solo reproducibility.

Typical milestones

Bot Lab1:12Middle 50%: 0:58–1:21 · n=1544
Geothermal Powerplant3:29Middle 50%: 3:13–3:47 · n=1536
Advanced Metal Extractor5:38Middle 50%: 5:21–6:01 · n=1536
Vehicle Plant7:06Middle 50%: 6:39–7:32 · n=1493
Advanced Geothermal Powerplant7:10Middle 50%: 6:51–7:42 · n=1118
Advanced Vehicle Plant8:01Middle 50%: 7:40–8:33 · n=1428
Starlight9:03Middle 50%: 8:32–9:46 · n=1290

Played most by

0neTw0120games of this buildzeus_on_god118games of this buildXad53games of this buildTheGeneraI46games of this buildViltrum41games of this build
Standard geo · Armada Geo build order · BAR Build Atlas